 Dungeon Crawl Stone Soup version 0.29.1 (webtiles) character file.

Game seed: 14527457192807995610

115581 Tsarbomb the Thaumaturge (level 16, -1/128 HPs)
             Began as a Gnoll Warper on Sept 12, 2022.
             Was an Elder of the Shining One.
             Slain by an orc knight
             ... wielding a +1 battleaxe of freezing
              (7 damage)
             ... on level 1 of the Orcish Mines on Sept 15, 2022.
             The game lasted 03:25:45 (47714 turns).

Tsarbomb the Thaumaturge (Gnoll Warper)            Turns: 47714, Time: 03:25:46

Health: -1/128     AC: 21    Str: 12      XL:     16   Next: 69%
Magic:  0/41       EV: 14    Int: 13 (14) God:    the Shining One [****..]
Gold:   2076       SH:  0    Dex: 17      Spells: 1/40 levels left

rFire   . . .      SeeInvis .   k - +9 falchion of Rely {vorpal, rElec rN+}
rCold   . . .      Faith    .   F - +0 kite shield
rNeg    + + +      Spirit   +   e - +3 scale mail {rPois}
rPois   +          Reflect  .   P - +1 helmet
rElec   +          Harm     .   G - +0 cloak
rCorr   +          Rampage  .   (no gloves)
Will    +....                   E - +0 pair of boots of Xauro {Contam rCorr MP+9}
Stlth   +.........              S - amulet of guardian spirit
HPRegen 0.31/turn               Z - ring of wizardry
MPRegen 0.27/turn               m - +4 ring of protection

@: confused, divinely shielded, ambrosia-drunk, glowing
A: fangs 1, strong nose, distributed training
a: Renounce Religion, Divine Shield, Cleansing Flame


You were on level 1 of the Orcish Mines.
You worshipped the Shining One.
The Shining One was greatly pleased with you.
You visited 5 branches of the dungeon, and saw 25 of its levels.
You also visited: Gauntlet and Ice Cave.

You collected 2303 gold pieces.
You spent 227 gold pieces at shops.

Inventory:

Hand Weapons
 k - the +9 falchion of Rely (weapon) {vorpal, rElec rN+}
   (You found it in a Gauntlet)

   It inflicts extra damage upon your enemies.
   rElec:     It insulates you from electricity.
   rN:        It protects you from negative energy.
 K - the +3 morningstar of the Scavenger {flame, rElec rF+ Str+4}
   (You took it off a minotaur in a Gauntlet)

   It burns those it strikes, dealing additional fire damage.
   Str:       It affects your strength (+4).
   rF:        It protects you from fire.
   rElec:     It insulates you from electricity.
Missiles
 d - 2 boomerangs of dispersal
 s - 8 silver javelins
 w - 8 boomerangs
 V - 11 poisoned darts
 X - 4 curare-tipped darts (quivered)
Armour
 e - a +3 scale mail of poison resistance (worn)
 E - the +0 pair of boots of Xauro (worn) {Contam rCorr MP+9}
   (You found it in a Gauntlet)

   MP:        It affects your magic capacity (+9).
   Contam:    It causes magical contamination when unequipped.
   rCorr:     It protects you from acid and corrosion.
 F - a +0 kite shield (worn)
 G - a +0 cloak (worn)
 J - a +3 chain mail of positive energy
 P - a +1 helmet (worn)
Jewellery
 m - a +4 ring of protection (right hand)
 y - a ring of positive energy
 H - a ring of flight
 R - a +6 ring of dexterity
 S - an amulet of guardian spirit (around neck)
 W - a ring of ice
 Z - a ring of wizardry (left hand)
Wands
 a - a wand of paralysis (36)
 j - a wand of acid (3)
 q - a wand of flame (26)
 A - a wand of roots (20)
 N - a wand of mindburst (33)
 T - a wand of digging (14)
Scrolls
 c - 3 scrolls of blinking
 i - 7 scrolls of enchant weapon
 l - 6 scrolls of enchant armour
 o - a scroll of identify
 p - 6 scrolls of teleportation
 r - 4 scrolls of fog
 u - 2 scrolls of magic mapping {unknown}
 B - a scroll of amnesia
 M - 2 scrolls of fear
 Q - 2 scrolls of brand weapon
Potions
 b - 3 potions of cancellation
 f - a potion of haste
 h - a potion of ambrosia
 n - a potion of lignification {unknown}
 t - a potion of magic {unknown}
 v - 2 potions of resistance
 x - 4 potions of attraction
 z - a potion of mutation
 D - 3 potions of brilliance
 L - 2 potions of berserk rage
 Y - 6 potions of flight
Miscellaneous
 I - a phial of floods
 O - a lightning rod (4/4)


   Skills:
 + Level 12.3 Fighting
 + Level 11.4 Short Blades
 + Level 12.3 Long Blades
 + Level 11.4 Axes
 + Level 11.4 Maces & Flails
 + Level 11.4 Polearms
 + Level 11.4 Staves
 + Level 11.4 Ranged Weapons
 + Level 11.7 Throwing
 + Level 11.7 Armour
 + Level 12.3 Dodging
 + Level 11.4 Stealth
 + Level 11.4 Shields
 + Level 11.4 Unarmed Combat
 + Level 12.5 Spellcasting
 + Level 9.7 Conjurations
 + Level 9.7 Hexes
 + Level 9.7 Summonings
 + Level 9.7 Necromancy
 + Level 11.1 Translocations
 + Level 9.7 Transmutations
 + Level 9.7 Fire Magic
 + Level 9.7 Ice Magic
 + Level 9.7 Air Magic
 + Level 9.7 Earth Magic
 + Level 9.7 Poison Magic
 + Level 12.4 Invocations
 + Level 11.4 Evocations


You had one spell level left.
You knew the following spells:

 Your Spells              Type           Power      Damage    Failure   Level
a - Blink                 Tloc           74%        N/A       1%          2
b - Gell's Gravitas       Tloc           37%        N/A       1%          3
c - Lesser Beckoning      Tloc           37%        N/A       1%          3
d - Teleport Other        Tloc           37%        N/A       1%          3
e - Airstrike             Air            16%        2d(3-19)  4%          4
f - Tukima's Dance        Hex            33%        N/A       1%          3
g - Passage of Golubria   Tloc           37%        N/A       2%          4
h - Manifold Assault      Tloc           37%        N/A       8%          5
j - Slow                  Hex            100%       N/A       1%          1
k - Confusing Touch       Hex            33%        N/A       1%          3
l - Flame Wave            Conj/Fire      33%        2d10      4%          4
m - Cause Fear            Hex            16%        N/A       4%          4

Your spell library contained the following spells:

 Spells                   Type           Power      Damage    Failure   Level
 Shock                    Conj/Air       100%       1d9       1%          1
 Scorch                   Fire           66%        2d8       1%          2
 Static Discharge         Conj/Air       33%        3-8/arc   1%          2
 Sublimation of Blood     Necr           33%        N/A       1%          2
 Wereblood                Tmut           33%        N/A       1%          2
 Inner Flame              Hex/Fire       33%        N/A       1%          3
 Ozocubu's Armour         Ice            33%        N/A       1%          3
 Summon Guardian Golem    Hex/Summ       33%        N/A       1%          3
 Vampiric Draining        Necr           33%        2d8       1%          3
 Dispel Undead            Necr           33%        3d14      4%          4
 Hailstorm                Conj/Ice       33%        3d8       4%          4
 Ice Form                 Ice/Tmut       33%        N/A       4%          4
 Petrify                  Tmut/Erth      33%        N/A       4%          4
 Sticky Flame             Conj/Fire      33%        2d5       4%          4
 Summon Lightning Spire   Summ/Air       33%        N/A       4%          4
 Alistair's Intoxication  Tmut/Pois      22%        N/A       14%         5
 Borgnjor's Vile Clutch   Necr/Erth      16%        N/A       14%         5
 Fireball                 Conj/Fire      16%        3d8       14%         5
 Irradiate                Conj/Tmut      16%        3d17      14%         5
 Lightning Bolt           Conj/Air       16%        1d30      14%         5
 Metabolic Englaciation   Hex/Ice        16%        N/A       14%         5
 Yara's Violent Unravell  Hex/Tmut       16%        3d8       14%         5
 Eringya's Noxious Bog    Tmut/Pois      16%        N/A       56%         6
 Simulacrum               Ice/Necr       16%        N/A       56%         6
 Starburst                Conj/Fire      16%        6d6       56%         6
 Summon Cactus Giant      Summ           16%        N/A       56%         6
 Monstrous Menagerie      Summ           16%        N/A       98%         7
 Spellforged Servitor     Conj/Summ      16%        N/A       98%         7
 Summon Hydra             Summ           16%        N/A       98%         7
 Discord                  Hex            16%        N/A       100%        8
 Ignition                 Fire           16%        3d7       100%        8


Dungeon Overview and Level Annotations

Branches:
Dungeon (14/15)            Temple (0/1) D:6            Lair (5/5) D:9
 Shoals (3/4) Lair:3       Spider (1/4) Lair:2        Slime (0/5) Lair:4
    Orc (2/2) D:10            Elf (0/3) Orc:2        Vaults (0/5) D:14
  IceCv (visited)         Gauntlet (visited)

Altars:
Hepliaklqana
Makhleb
Nemelex Xobeh
Okawaru
Qazlal
Ru
Sif Muna
Uskayaw
Vehumet
Yredelemnul
Zin
The Shining One
Jiyva

Shops:
Orc:2 ?=[[*

Portals:
Hell: Lair:5

Annotations:
D:1 exclusion: downstairs
D:3 exclusion: 2 downstairs
D:4 Edmund
D:10 1 runed translucent door
D:13 exclusion: downstairs
Lair:1 exclusion: downstairs
Lair:3 exclusion: 2 downstairs
Lair:4 1 runed translucent door, exclusion: downstairs
Shoals:1 exclusion: downstairs
Shoals:2 3 runed translucent doors, exclusion: 2 krakens, AtomicRavioli's ghost, adept OgFi
Shoals:3 Ilsuiw
Spider:1 2 runed translucent doors, groovy9's ghost, journeyman TrFi
Orc:1 exclusion: downstairs, groovy9's ghost, journeyman TrFi


Innate Abilities, Weirdness & Mutations

You have very sharp teeth.
Your uncanny sense of smell can sniff out nearby items.
Your experience applies equally to all skills.


Message History

The orc knight roars a battlecry!
The orcs go into a battle-frenzy!
The orc knight roars a battlecry!
Groovy9's ghost attacks as you move away!
Groovy9's ghost hits you but does no damage.
Groovy9's ghost attacks as you move away!
Groovy9's ghost hits you!!
The orc knight roars a battlecry!
You barely miss groovy9's ghost.
Groovy9's ghost is lightly damaged.
Groovy9's ghost hits you!!
* * * LOW HITPOINT WARNING * * *
You hit groovy9's ghost.
Groovy9's ghost is lightly damaged.
You hit groovy9's ghost.
Groovy9's ghost is lightly damaged.
Groovy9's ghost hits you!!!
* * * LOW HITPOINT WARNING * * *
The orc knight roars a battlecry!
You are confused.
You feel invigorated.
Groovy9's ghost hits you but does no damage.
You bump into the rock wall.
Groovy9's ghost misses you.
The orc warrior hits you with a +0 mace!
* * * LOW HITPOINT WARNING * * *
You bump into the rock wall.
Groovy9's ghost completely misses you.
The orc warrior hits you but does no damage.
You slash the orc warrior!
The orc warrior is heavily wounded.
The orc knight no longer looks unusually strong.
The orc knight completely misses you. Groovy9's ghost hits you.
* * * LOW HITPOINT WARNING * * *
The orc warrior misses you.
You hit the orc warrior.
The orc warrior is severely wounded.
The orc warrior hits you with a +0 mace!
* * * LOW HITPOINT WARNING * * *
Groovy9's ghost hits you but does no damage.
The orc knight hits you with a +1 battleaxe of freezing!
You die...

###.#..#.....#
##o.........## #####
##.o##.......# ##.#.##
#...#.......######.....##
#............#.#........#
.........o...oo........##
.........o.o.oh#.#.#.###
..............#Wo.####
...............#@##
..............oo###
...............##.##
...#...............#
.............#....##
.....#.......##.###
..............###
.............##
.....#......#.###


You could see 3 orc knights, a warg, an orc warrior (strong), groovy9's ghost
and 2 orcs.

Vanquished Creatures
  A ghost moth (Spider:1)
  A reaper (IceCv)
  Nessos (D:13)
  A dire elephant (Lair:5)
  A minotaur (Gauntlet)
  Snorg (D:13)
  3 merfolk impalers
  Harold (Orc:1)
  Fannar (D:11)
  A jorogumo (Spider:1)
  4 hydras
  7 centaur warriors
  2 merfolk aquamancers
  An ogre mage (D:14)
  2 two-headed ogres
  4 death yaks
  3 orc high priests (Orc:2)
  A sun demon (Lair:5)
  Sonja (D:10)
  2 sixfirhies (Gauntlet)
  A skeletal warrior (D:14)
  5 sea snakes
  4 pharaoh ants (Spider:1)
  9 harpies (Shoals:1)
  6 orc knights
  A deep elf archer (D:14)
  2 wizards
  A necromancer (Gauntlet)
  6 deep elf pyromancers
  8 ugly things
  17 fauns
  5 orc sorcerers
  4 manticores
  4 wolf spiders (Spider:1)
  6 cyclopes
  2 moths of wrath
  A salamander (shapeshifter) (D:13)
  9 merfolk sirens
  2 ice statues (IceCv)
  A smoke demon (Lair:5)
  18 cane toads
  3 black mambas
  2 orange demons (Lair:5)
  2 gargoyles
  A torpor snail (Spider:1)
  An efreet (D:14)
  6 rime drakes
  3 centaur skeletons (D:14)
  A minotaur zombie (Gauntlet)
  An unseen horror (D:12)
  5 komodo dragons
  A yaktaur (shapeshifter) (D:12)
  A kobold demonologist (D:14)
  An anaconda simulacrum (IceCv)
  11 ice devils
  2 red devils (Lair:5)
  15 merfolk
  5 trolls
  5 polar bears
  3 wind drakes
  A hornet (D:10)
  A queen bee (Lair:1)
  Prince Ribbit (D:8)
  2 tarantellas (Spider:1)
  7 snapping turtles
  3 dream sheep (Shoals:2)
  5 blink frogs
  11 jumping spiders (Spider:1)
  14 slime creatures
  Sigmund (D:3)
  3 shadows
  6 water elementals (Shoals:1)
  9 culicivoras
  16 yaks
  2 vampires
  9 wyverns
  2 steam dragons
  5 basilisks
  9 redbacks (Spider:1)
  8 vampire mosquitoes
  3 wargs
  An acid dragon (D:12)
  A harpy simulacrum (IceCv)
  3 hell hounds (Lair:5)
  15 water moccasins
  2 ice beasts (D:7)
  24 orc warriors
  3 black bears
  17 wolves
  7 sky beasts
  9 ogres
  8 centaurs
  3 phantoms
  Blork the orc (D:5)
  4 kobold brigands
  9 bullfrogs
  2 scorpions
  A two-headed ogre simulacrum (IceCv)
  5 gnoll sergeants
  2 cane toad simulacra (IceCv)
  A necrophage (D:6)
  10 wights
  27 killer bees
  4 howler monkeys
  6 hounds
  A jelly (D:6)
  11 orc priests
  Natasha (thrice) (D:3)
  Jessica (D:2)
  5 iguanas
  16 orc wizards
  3 spriggan simulacra (IceCv)
  A boggart skeleton (D:14)
  A troll simulacrum (IceCv)
  A polar bear simulacrum (IceCv)
  4 wolf simulacra (IceCv)
  15 gnolls
  5 adders
  3 naga simulacra (IceCv)
  2 white imps
  3 ufetubi
  A worm (D:3)
  3 dart slugs (D:1)
  48 orcs
  9 ball pythons
  6 bats
  8 endoplasms
  A giant cockroach (D:2)
  5 goblins
  6 hobgoblins
  7 jackals
  18 kobolds
  5 quokkas
  3 frilled lizards
  6 rats
704 creatures vanquished.

Vanquished Creatures (collateral kills)
  A deep elf pyromancer (D:14)
1 creature vanquished.

Vanquished Creatures (others)
  An ugly thing (D:10)
  2 merfolk (Shoals:2)
  7 dancing weapons
  A vampire mosquito (D:12)
  An orc wizard (D:11)
  A white imp (IceCv)
  An orc (Orc:1)
  5 fungi
  57 plants
76 creatures vanquished.

Grand Total: 781 creatures vanquished

Notes
Turn   | Place    | Note
-------+----------+-------------------------------------------
     0 | D:1      | Tsarbomb the Gnoll Warper began the quest for the Orb.
     0 | D:1      | Reached XP level 1. HP: 20/20 MP: 6/6
    33 | D:1      | Reached XP level 2. HP: 16/26 MP: 7/7
   239 | D:1      | Learned a level 2 spell: Blink
   416 | D:1      | Reached skill level 5 in Spellcasting
   416 | D:1      | Reached XP level 3. HP: 31/31 MP: 7/9
   510 | D:1      | Reached skill level 1 in Invocations
   743 | D:1      | Reached skill level 1 in Short Blades
   743 | D:1      | Reached skill level 1 in Axes
   743 | D:1      | Reached skill level 1 in Maces & Flails
   743 | D:1      | Reached skill level 1 in Polearms
   743 | D:1      | Reached skill level 1 in Staves
   743 | D:1      | Reached skill level 1 in Ranged Weapons
   743 | D:1      | Reached skill level 1 in Stealth
   743 | D:1      | Reached skill level 1 in Shields
   743 | D:1      | Reached skill level 1 in Unarmed Combat
   743 | D:1      | Reached skill level 1 in Evocations
   825 | D:2      | Noticed Jessica
   829 | D:3      | Found a faded altar of an unknown god.
   849 | D:2      | Killed Jessica
   850 | D:2      | Reached XP level 4. HP: 19/38 MP: 11/11
  1052 | D:2      | Reached skill level 1 in Conjurations
  1052 | D:2      | Reached skill level 1 in Hexes
  1052 | D:2      | Reached skill level 1 in Summonings
  1052 | D:2      | Reached skill level 1 in Necromancy
  1052 | D:2      | Reached skill level 1 in Transmutations
  1052 | D:2      | Reached skill level 1 in Fire Magic
  1052 | D:2      | Reached skill level 1 in Ice Magic
  1052 | D:2      | Reached skill level 1 in Air Magic
  1052 | D:2      | Reached skill level 1 in Earth Magic
  1052 | D:2      | Reached skill level 1 in Poison Magic
  1170 | D:2      | Learned a level 3 spell: Gell's Gravitas
  1174 | D:2      | Learned a level 3 spell: Lesser Beckoning
  1178 | D:2      | Learned a level 3 spell: Teleport Other
  1946 | D:3      | Noticed Natasha
  1957 | D:3      | Killed Natasha
  1958 | D:3      | Reached XP level 5. HP: 38/43 MP: 7/12
  2036 | D:3      | Found a stormy altar of Qazlal.
  2062 | D:3      | Noticed Sigmund
  2086 | D:3      | Killed Sigmund
  2087 | D:3      | Reached skill level 5 in Fighting
  2087 | D:3      | Reached skill level 5 in Long Blades
  2087 | D:3      | Reached skill level 5 in Dodging
  2087 | D:3      | Reached XP level 6. HP: 12/51 MP: 14/14
  2325 | D:3      | Noticed Natasha
  2332 | D:3      | Killed Natasha
  2548 | D:3      | Found a glowing golden altar of the Shining One.
  2556 | D:3      | Became a worshipper of the Shining One
  2676 | D:3      | Noticed Natasha
  2684 | D:3      | Killed Natasha
  2685 | D:3      | Reached XP level 7. HP: 35/56 MP: 15/15
  2942 | D:4      | Found an iron altar of Okawaru.
  3515 | D:4      | Noticed Edmund
  3676 | D:5      | Entered Level 5 of the Dungeon
  3914 | D:5      | Reached * piety under the Shining One
  4062 | D:5      | Reached XP level 8. HP: 63/63 MP: 16/16
  4291 | D:5      | Noticed Blork the orc
  4302 | D:5      | Killed Blork the orc
  4833 | D:5      | Learned a level 2 spell: Wereblood
  5257 | D:6      | Found a staircase to the Ecumenical Temple.
  5292 | D:6      | Reached XP level 9. HP: 41/69 MP: 18/18
  5846 | D:6      | Reached skill level 5 in Throwing
  5846 | D:6      | Reached skill level 5 in Armour
  6064 | D:6      | Found a sparkling altar of Nemelex Xobeh.
  6134 | D:7      | Found a basalt altar of Yredelemnul.
  6553 | D:7      | Found a glowing silver altar of Zin.
  6746 | D:7      | Reached skill level 5 in Invocations
  7306 | D:7      | Found a shimmering blue altar of Sif Muna.
  7449 | D:7      | Reached skill level 5 in Short Blades
  7449 | D:7      | Reached skill level 5 in Axes
  7449 | D:7      | Reached skill level 5 in Maces & Flails
  7449 | D:7      | Reached skill level 5 in Polearms
  7449 | D:7      | Reached skill level 5 in Staves
  7449 | D:7      | Reached skill level 5 in Ranged Weapons
  7449 | D:7      | Reached skill level 5 in Stealth
  7449 | D:7      | Reached skill level 5 in Shields
  7449 | D:7      | Reached skill level 5 in Unarmed Combat
  7449 | D:7      | Reached skill level 5 in Evocations
  7449 | D:7      | Reached XP level 10. HP: 76/77 MP: 20/20
  8526 | D:8      | Found a radiant altar of Vehumet.
  8634 | D:8      | Noticed Prince Ribbit
  8676 | D:8      | Killed Prince Ribbit
  9356 | D:8      | Found a sacrificial altar of Ru.
  9964 | D:9      | Found a staircase to the Lair.
 10036 | D:9      | Reached skill level 5 in Conjurations
 10036 | D:9      | Reached skill level 5 in Hexes
 10036 | D:9      | Reached skill level 5 in Summonings
 10036 | D:9      | Reached skill level 5 in Necromancy
 10036 | D:9      | Reached skill level 5 in Transmutations
 10036 | D:9      | Reached skill level 5 in Fire Magic
 10036 | D:9      | Reached skill level 5 in Ice Magic
 10036 | D:9      | Reached skill level 5 in Air Magic
 10036 | D:9      | Reached skill level 5 in Earth Magic
 10036 | D:9      | Reached skill level 5 in Poison Magic
 10058 | D:8      | Reached XP level 11. HP: 77/85 MP: 22/22
 10816 | D:9      | Found a hazy altar of Hepliaklqana.
 10868 | D:10     | Entered Level 10 of the Dungeon
 10968 | D:9      | Learned a level 3 spell: Tukima's Dance
 10973 | D:9      | Learned a level 4 spell: Passage of Golubria
 11445 | D:10     | Noticed a two-headed ogre
 11471 | Lair:1   | Entered Level 1 of the Lair of Beasts
 14082 | Lair:2   | Noticed a death yak
 14082 | Lair:2   | Noticed a death yak
 14276 | D:10     | Noticed a cyclops
 14334 | D:10     | Reached XP level 12. HP: 94/94 MP: 24/24
 14651 | D:11     | Reached ** piety under the Shining One
 14793 | D:11     | Noticed Fannar
 14824 | D:12     | Noticed a centaur warrior
 15139 | D:10     | Found a hide-covered altar of Uskayaw.
 15165 | D:10     | Killed a two-headed ogre
 15310 | D:10     | Found a staircase to the Orcish Mines.
 15873 | D:10     | Found a runed translucent door.
 16037 | D:10     | Noticed a centaur warrior
 16460 | Lair:2   | Noticed a death yak
 16769 | Orc:1    | Entered Level 1 of the Orcish Mines
 16769 | Orc:1    | Noticed Sonja
 17010 | D:10     | Killed Sonja
 17952 | Orc:1    | Noticed groovy9's ghost (journeyman TrFi)
 17953 | Orc:1    | Found a runed translucent gate.
 17954 | Orc:1    | Found a runed translucent gate.
 17955 | Orc:1    | Found a runed translucent gate.
 17957 | Orc:1    | Identified the +1 plate armour "Kiemm" {rPois Int+4 Dex-2
                  | SInv}
 18875 | Orc:1    | Identified the +4 battleaxe "Wus Iv Bidd" {distort, rPois
                  | Str+5}
 18875 | Orc:1    | Identified the ring "Bompyc" {rElec rPois rC+ MP+9}
 18947 | Orc:1    | Noticed Harold
 18968 | Orc:1    | Killed Harold
 19332 | Orc:2    | Entered Level 2 of the Orcish Mines
 19820 | Orc:2    | Found a staircase to the Elven Halls.
 19824 | Orc:2    | Found Lolog's Magic Scroll Shop.
 20404 | Lair:2   | Noticed a death yak
 20428 | Lair:1   | Killed a death yak
 20765 | Lair:2   | Found a hole to the Spider Nest.
 21375 | Lair:1   | Killed a death yak
 21376 | Lair:1   | Reached XP level 13. HP: 71/101 MP: 18/26
 22282 | Lair:3   | Found a gate leading to a gauntlet.
 22289 | Gauntlet | Entered a Gauntlet
 22289 | Gauntlet | Found a transporter.
 22289 | Gauntlet | Found a transporter.
 22295 | Gauntlet | Found a transporter.
 22315 | Gauntlet | Found a transporter.
 22325 | Gauntlet | Found a transporter.
 22325 | Gauntlet | Found a transporter.
 22325 | Gauntlet | Found a transporter.
 22327 | Gauntlet | Found a transporter.
 22327 | Gauntlet | Found a transporter.
 22342 | Gauntlet | Found a transporter.
 22343 | Gauntlet | Found the +8 frozen axe "Frostbite" {freezing cloud, *Noise
                  | Fly rC+}
 22355 | Gauntlet | Found a transporter.
 22357 | Gauntlet | Noticed a cacodemon
 22364 | Gauntlet | Reached *** piety under the Shining One
 22365 | Gauntlet | Found a transporter.
 22382 | Gauntlet | Found a transporter.
 22399 | Gauntlet | Found a transporter.
 22533 | Gauntlet | Identified the +9 falchion of Rely {vorpal, rElec rN+}
 22744 | Gauntlet | Identified the +0 pair of boots of Xauro {Contam rCorr
                  | MP+9}
 22863 | Gauntlet | Got the Treatise on Allies and Clouds
 22916 | Gauntlet | Identified the +3 morningstar of the Scavenger {flame,
                  | rElec rF+ Str+4}
 22916 | Gauntlet | Noticed a minotaur
 22940 | Gauntlet | Learned a level 1 spell: Shock
 22943 | Gauntlet | Learned a level 2 spell: Static Discharge
 23058 | Gauntlet | Killed a minotaur
 23420 | Gauntlet | Identified the +4 spear "Kiselush" {elec, Dex+2}
 23536 | Lair:3   | Reached skill level 10 in Spellcasting
 23986 | Lair:3   | Found a staircase to the Shoals.
 24539 | Lair:3   | Reached skill level 10 in Fighting
 24539 | Lair:3   | Reached skill level 10 in Long Blades
 24539 | Lair:3   | Reached skill level 10 in Dodging
 25288 | Lair:4   | Found a frozen archway.
 25312 | IceCv    | Entered an ice cave
 25436 | IceCv    | Noticed a reaper
 25452 | IceCv    | Reached **** piety under the Shining One
 26039 | IceCv    | Killed a reaper
 26052 | IceCv    | HP: 4/103 [anaconda simulacrum (17)]
 27114 | Lair:4   | Reached skill level 10 in Invocations
 27114 | Lair:4   | Reached XP level 14. HP: 57/110 MP: 19/28
 27369 | Lair:4   | Found a runed translucent door.
 27369 | Lair:4   | Found a viscous altar of Jiyva.
 27369 | Lair:4   | Noticed an azure jelly
 27369 | Lair:4   | Noticed an azure jelly
 27369 | Lair:4   | Noticed an azure jelly
 27370 | Lair:4   | Found a staircase to the Slime Pits.
 27548 | Lair:5   | Entered Level 5 of the Lair of Beasts
 28429 | Lair:5   | Identified the +2 dagger "Yzecsinete" {vorpal, Int+2}
 28455 | Lair:5   | Learned a level 1 spell: Slow
 28459 | Lair:5   | Learned a level 3 spell: Confusing Touch
 29025 | Lair:5   | Noticed a dire elephant
 30393 | Orc:2    | Paralysed by an orc sorcerer for 2 turns
 30398 | Orc:2    | Reached skill level 10 in Throwing
 30398 | Orc:2    | Reached skill level 10 in Armour
 30405 | Orc:1    | Paralysed by an orc sorcerer for 2 turns
 30770 | Orc:2    | Found Xuwuuvix's Assorted Antiques.
 30770 | Orc:2    | Found Huliatan's Armour Emporium.
 30994 | Orc:2    | Found Ucrerokh's Armour Shop.
 30994 | Orc:2    | Found Tooph's Jewellery Shop.
 31144 | Orc:2    | Bought a ring of flight for 227 gold pieces
 31471 | D:11     | Killed Fannar
 32360 | D:13     | Reached skill level 10 in Translocations
 32969 | D:13     | HP: 3/111 [very large slime creature (20)]
 32971 | D:13     | The Shining One protects you from harm!
 33345 | D:13     | Reached skill level 10 in Short Blades
 33345 | D:13     | Reached skill level 10 in Axes
 33345 | D:13     | Reached skill level 10 in Maces & Flails
 33345 | D:13     | Reached skill level 10 in Polearms
 33345 | D:13     | Reached skill level 10 in Staves
 33345 | D:13     | Reached skill level 10 in Ranged Weapons
 33345 | D:13     | Reached skill level 10 in Stealth
 33345 | D:13     | Reached skill level 10 in Shields
 33345 | D:13     | Reached skill level 10 in Unarmed Combat
 33345 | D:13     | Reached skill level 10 in Evocations
 33447 | D:13     | Noticed Snorg
 33458 | D:13     | Killed Snorg
 34221 | D:13     | Reached XP level 15. HP: 118/118 MP: 30/30
 34302 | D:14     | Noticed Nessos
 35917 | D:13     | Killed Nessos
 36635 | D:14     | Found a gate to the Vaults.
 37616 | Lair:5   | Found a burning altar of Makhleb.
 38475 | Lair:5   | Found a gateway to Hell.
 38482 | Lair:5   | Identified the +2 pair of gloves "Maeceimud" {Contam Harm
                  | rPois Will-}
 38482 | Lair:5   | Identified the +1 plate armour "Ajegrie" {Regen+ MP-9
                  | Dex+3}
 38755 | Shoals:1 | Entered Level 1 of the Shoals
 39113 | Shoals:1 | The Shining One protects you from harm!
 39566 | Shoals:1 | HP: 5/119 [drowned by a water elemental[a merfolk
                  | aquamancer] (6)]
 39567 | Shoals:1 | HP: 1/119 [drowned by a water elemental[a merfolk
                  | aquamancer] (9)]
 40186 | Shoals:1 | Learned a level 4 spell: Flame Wave
 40191 | Shoals:1 | Learned a level 4 spell: Cause Fear
 40199 | Shoals:1 | Learned a level 5 spell: Manifold Assault
 40984 | Shoals:1 | Reached XP level 16. HP: 113/127 MP: 27/32
 42040 | Shoals:2 | Noticed a kraken
 42395 | Shoals:2 | The Shining One protects you from harm!
 42402 | Shoals:2 | HP: 6/127 [poisoned by a merfolk]
 43549 | Shoals:2 | Found a runed translucent gate.
 43550 | Shoals:2 | Found a runed translucent gate.
 43551 | Shoals:2 | Found a runed translucent gate.
 43556 | Shoals:2 | Noticed AtomicRavioli's ghost (adept OgFi)
 44478 | Shoals:2 | Noticed a kraken
 45886 | Shoals:3 | Noticed Ilsuiw
 45986 | Spider:1 | Entered Level 1 of the Spider Nest
 45986 | Spider:1 | Found a large runed translucent door.
 45986 | Spider:1 | Found a large runed translucent door.
 45996 | Spider:1 | Learned a level 4 spell: Airstrike
 45996 | Spider:1 | Noticed groovy9's ghost (journeyman TrFi)
 46825 | Spider:1 | Reached ***** piety under the Shining One
 47709 | Orc:1    | HP: 1/128 [groovy9's ghost (32)]
 47714 | Orc:1    | HP: 6/128 [orc warrior/+0 mace (9)]
 47714 | Orc:1    | Slain by an orc knight

Illustrated notes

Levels and vault maps discovered:
D:1:      lightli_arrival_chessboard, layout_rooms, minmay_hexomino_c4
D:2:      layout_basic, uniq_jessica
D:3:      layout_basic, mainiacjoe_overflow_chevrons, overflow_temple_1_default,
          ebering_ecumenical_altar_abandoned, serial_glass, glass_columns_a,
          glass_columns_b, uniq_natasha, uniq_sigmund
D:4:      layout_basic, okawaru_gym_becter, uniq_edmund
D:5:      layout_gridville, nicolae_titane, uniq_blork_the_orc
D:6:      layout_basic, nemelex_dance_club_becter, minmay_temple_entry_slanted
D:7:      minmay_clustersquares, layout_loops_corners,
          mainiacjoe_overflow_alcove_4, mainiacjoe_overflow_tiny_flanked,
          kennysheep_little_box, hex_large
D:8:      layout_basic, nicolae_ru_path_of_blood, mainiacjoe_overflow_alcove_1,
          uniq_prince_ribbit1
D:9:      layout_cave_pools, nicolae_hepliaklqana_hippocampus, lair_entry_dummy,
          chequers_mini_garden
D:10:     layout_basic, overflow_temple_1_default, david_orc_3, st_stairs_1,
          minmay_misc_feat_more_columns, chequers_arboretum, wad_hexagon
D:11:     layout_basic, dk_noncrumbling_3, uniq_fannar
D:12:     layout_rooms
D:13:     layout_loops_ring, uniq_snorg
D:14:     layout_rooms, hangedman_vaults_entry_quadrant_bands,
          serial_park_tiny_pond, reono_crystal_passage,
          chequers_serial_rivers_room_b, uniq_nessos
Lair:1:   layout_cave_pods, special_room [special_room_bee],
          beast_lair_carwin_5, grunt_megastairs_3
Lair:2:   layout_roguey, hellmonk_spider_entry_life_and_decay, st_stairs_8
Lair:3:   layout_cellular_growth, elwin_shoals_entry_stream,
          gauntlet_entry_generic
Lair:4:   layout_roguey, slime_entry_2, portal_ice_cave_demonic_guard
Lair:5:   evil_forest, layout_concentric_octagons, cheibrodos_lair_lostbears,
          serial_bayou_shore_b
Shoals:1: layout_shoals
Shoals:2: layout_shoals, gammafunk_ghost_necromancy
Shoals:3: layout_shoals, uniq_ilsuiw, uniq_polyphemus
Spider:1: layout_chambers, ebering_ghost_disaster_area,
          hellmonk_motheaten_closet
Orc:1:    nicolae_orc_accident_1, layout_caves, biasface_ghost_orc_armoury,
          nicolae_orc_lost_temple, uniq_harold, uniq_sonja
Orc:2:    st_orc_elflike, layout_caves, serial_shops, nicolae_shop_crystal

Skill      XL: |  1  2  3  4  5  6  7  8  9 10 11 12 13 14 15 16 |
---------------+-------------------------------------------------+-----
Spellcasting   | 5 6 7 8 9 10 11 12 | 12.5
Invocations    | 1 2 3 4 5 6 7 8 10 11 12 | 12.4
Short Blades   | 1 2 3 5 6 7 8 9 10 11 | 11.4
Axes           | 1 2 3 5 6 7 8 9 10 11 | 11.4
Maces & Flails | 1 2 3 5 6 7 8 9 10 11 | 11.4
Polearms       | 1 2 3 5 6 7 8 9 10 11 | 11.4
Staves         | 1 2 3 5 6 7 8 9 10 11 | 11.4
Ranged Weapons | 1 2 3 5 6 7 8 9 10 11 | 11.4
Stealth        | 1 2 3 5 6 7 8 9 10 11 | 11.4
Shields        | 1 2 3 5 6 7 8 9 10 11 | 11.4
Unarmed Combat | 1 2 3 5 6 7 8 9 10 11 | 11.4
Evocations     | 1 2 3 5 6 7 8 9 10 11 | 11.4
Conjurations   | 1 2 3 4 5 6 7 8 9 |  9.7
Hexes          | 1 2 3 4 5 6 7 8 9 |  9.7
Summonings     | 1 2 3 4 5 6 7 8 9 |  9.7
Necromancy     | 1 2 3 4 5 6 7 8 9 |  9.7
Transmutations | 1 2 3 4 5 6 7 8 9 |  9.7
Fire Magic     | 1 2 3 4 5 6 7 8 9 |  9.7
Ice Magic      | 1 2 3 4 5 6 7 8 9 |  9.7
Air Magic      | 1 2 3 4 5 6 7 8 9 |  9.7
Earth Magic    | 1 2 3 4 5 6 7 8 9 |  9.7
Poison Magic   | 1 2 3 4 5 6 7 8 9 |  9.7
Throwing       | 3 4 5 6 7 8 9 10 11 | 11.7
Armour         | 3 4 5 6 7 8 9 10 11 | 11.7
Fighting       | 5 6 7 8 9 10 11 12 | 12.3
Long Blades    | 5 6 7 8 9 10 11 12 | 12.3
Dodging        | 5 6 7 8 9 10 11 12 | 12.3
Translocations | 6 7 8 9 10 11 | 11.1

Action                   |  1- 3 |  4- 6 |  7- 9 | 10-12 | 13-15 | 16-18 || total
-------------------------+-------+-------+-------+-------+-------+-------++-------
Melee: Falchion          |    89 |    22 |       |       |  1148 |   507 ||  1766
       Bite              |    13 |    12 |    62 |   167 |   284 |   101 ||   639
       Punch             |     1 |     1 |     8 |       |       |       ||    10
       Hand axe          |       |    78 |   418 |   266 |       |       ||   762
       Long sword        |       |       |       |   797 |   106 |       ||   903
       Morningstar       |       |       |       |       |   203 |       ||   203
Throw: Boomerang         |       |     5 |    50 |    64 |    86 |    11 ||   216
       Dart              |       |       |       |    53 |    30 |    11 ||    94
       Throwing net      |       |       |       |     2 |     3 |       ||     5
       Javelin           |       |       |       |       |     4 |       ||     4
 Cast: Blink             |     1 |     1 |     2 |     4 |     6 |     4 ||    18
       Lesser Beckoning  |       |     1 |       |     2 |       |       ||     3
       Wereblood         |       |       |     2 |     5 |     4 |       ||    11
       Passage of Golubr |       |       |       |     6 |       |       ||     6
       Tukima's Dance    |       |       |       |    10 |     8 |     2 ||    20
       Gell's Gravitas   |       |       |       |     1 |     5 |     3 ||     9
       Static Discharge  |       |       |       |       |     4 |       ||     4
       Shock             |       |       |       |       |     7 |       ||     7
       Slow              |       |       |       |       |     6 |     2 ||     8
       Confusing Touch   |       |       |       |       |     2 |     1 ||     3
       Flame Wave        |       |       |       |       |     5 |    10 ||    15
       Teleport Other    |       |       |       |       |     3 |       ||     3
       Manifold Assault  |       |       |       |       |     1 |     7 ||     8
       Airstrike         |       |       |       |       |       |    14 ||    14
Invok: Divine Shield     |       |       |     2 |    29 |    18 |     3 ||    52
       Cleansing Flame   |       |       |       |       |    19 |     3 ||    22
Evoke: Wand              |       |       |       |       |     2 |       ||     2
       Lightning rod     |       |       |       |       |       |     1 ||     1
  Use: Potion            |       |       |     4 |     6 |    11 |     5 ||    26
       Scroll            |       |       |       |    13 |    12 |     8 ||    33
 Stab: Sleeping          |       |     1 |       |       |       |       ||     1
Armor: Leather armour    |    36 |    24 |   186 |    37 |       |       ||   283
       Ring mail         |       |       |       |   330 |    42 |       ||   372
       Scale mail        |       |       |       |     2 |   662 |   202 ||   866
Dodge: Dodged            |    54 |    75 |   290 |   534 |   712 |   221 ||  1886
Block: Other             |       |       |     7 |       |       |       ||     7
       Buckler           |       |       |    60 |   546 |    60 |       ||   666
       Kite shield       |       |       |       |       |  1094 |   340 ||  1434
